 Dungeon Crawl Stone Soup version 0.17-a0-1575-g9a29ec8 (webtiles) character file.

1021 amplicon the Grappler (level 8, -6/81 HPs)
             Began as a Troll Monk on July 26, 2015.
             Was a Believer of Makhleb.
             Killed by divine providence
             ... invoked by an orc priest
              (15 damage)
             ... in the Ecumenical Temple.
             The game lasted 00:14:06 (2924 turns).

amplicon the Grappler (Troll Monk)                  Turns: 2924, Time: 00:14:08

Health: -6/81      AC:  5    Str: 25    XL:     8   Next: 2%
Magic:  7/7        EV: 10    Int:  6    God:    Makhleb [**....]
Gold:   205        SH:  0    Dex: 14    Spells: 0 memorised, 7 levels left

rFire  . . .     SeeInvis .       - Unarmed
rCold  + . .     Clarity  .     v - +0 robe
rNeg   + . .     SustAt   .     (no shield)
rPois  .         Gourm    +     (helmet restricted)
rElec  .         Spirit   .     (no cloak)
rCorr  .         Warding  .     (gloves unavailable)
rMut   .         Stasis   .     (boots unavailable)
MR     .....                    (no amulet)
Stlth  ++........               h - ring of protection from cold (curse)
                                g - ring of positive energy

@: mighty, not resistant to hostile enchantments, unstealthy
A: unfitting armour, claws 3, fast metabolism 3, gourmand, regeneration 2,
shaggy fur 1, tough skin 2
a: Minor Destruction, Renounce Religion


You were in the Ecumenical Temple.
You worshipped Makhleb.
Makhleb was pleased with you.
You were very full.

You visited 2 branches of the dungeon, and saw 6 of its levels.

You collected 205 gold pieces.

Inventory:

Hand weapons
 s - a +0 scythe
Armour
 v - a +0 robe (worn)
Jewellery
 g - a ring of positive energy (left claw)
 h - a cursed ring of protection from cold (right claw)
 o - an uncursed ring of positive energy
Magical devices
 a - a wand of magic darts (13)
 j - a wand of fire (6)
 u - a wand of magic darts (39)
Scrolls
 p - a scroll of blinking
 t - a scroll of recharging {unknown}
Potions
 e - a potion of curing {unknown}
 l - a potion of haste
 m - a potion of mutation
 n - a potion of cancellation
 q - a potion of brilliance {unknown}
 x - a potion of poison {unknown}
Comestibles
 b - 4 bread rations
 c - 4 fruits
 f - a royal jelly
 i - 4 meat rations
 k - a slice of pizza
 r - 2 beef jerkies


   Skills:
 + Level 5.5 Fighting
 - Level 2.4 Dodging
 - Level 1.1 Stealth
 + Level 8.1 Unarmed Combat


You had 7 spell levels left.
You didn't know any spells.

Dungeon Overview and Level Annotations

Branches:
Dungeon (5/15)             Temple (1/1) D:5

Altars:
Ashenzari
Cheibriados
Dithmenos
Elyvilon
Fedhas
Gozag
Kikubaaqudgha
Makhleb
Nemelex Xobeh
Okawaru
Qazlal
Ru
Sif Muna
Trog
Vehumet
Xom
Yredelemnul
Zin
The Shining One

Annotations:
D:5 Pikel


Innate Abilities, Weirdness & Mutations

You are too large for most types of armour.
You have claws for hands.
Your metabolism is lightning-fast.
You like to eat raw meat.
You heal very quickly.
You are covered in fur (AC +1).
You have very tough skin (AC +2).


Message History

The orc hits the plant with a falchion.
You can't go up here!
The slave hits the plant.
The orc hits you with a short sword.
* * * LOW HITPOINT WARNING * * *
The orc priest hits you with a dagger.
* * * LOW HITPOINT WARNING * * *
Something hits you.
* * * LOW HITPOINT WARNING * * *
The orc hits the plant with a falchion.
You climb downwards.
Welcome to the Ecumenical Temple!
There is a staircase back to the Dungeon here.
Drink which item? (? for menu, Esc to quit)
You feel very mighty all of a sudden.
You hear some strange, mumbled words.
A puff of flame appears from out of thin air!
The puff of flame hits you!
* * * LOW HITPOINT WARNING * * *
The orc priest calls down the wrath of Beogh upon you.
Something smites you!
You die...

######### ######.......######
######........#........######
###........#####'#####........###
.....#########.....#########.....
..#### ##.........## ####.. ###
#...........# ### # #.....@.....#
# ####### #....oo.....# #######
#.....### ##.........## ###.....#
._......## ###.....### ##......_.
.........# ####### #.........
...⌠.._..# #.._..⌠... .........#
#......... ._......## ##......_.
#.....### ###.....#


You could see an orc priest and an orc.

Vanquished Creatures
  Sigmund (D:5)
  3 ogres
  A centaur (D:5)
  A scorpion (D:4)
  2 crimson imps (D:5)
  4 hounds
  2 orc wizards
  3 worker ants (D:4)
  A hound skeleton (D:3)
  2 adders
  A shadow imp (D:4)
  3 gnolls (D:3)
  2 oozes
  3 worms
  2 giant geckos (D:1)
  7 orcs
  A ball python (D:1)
  2 bat skeletons (D:4)
  5 giant cockroaches
  10 goblins
  8 hobgoblins
  10 jackals
  5 bats
  2 giant newts
  5 kobolds
  A quokka skeleton (D:4)
  6 rats
93 creatures vanquished.

Notes
Turn   | Place    | Note
--------------------------------------------------------------
     0 | D:1      | amplicon the Troll Monk began the quest for the Orb.
     0 | D:1      | Reached XP level 1. HP: 22/22 MP: 0/0
   109 | D:1      | Reached XP level 2. HP: 29/29 MP: 1/1
   595 | D:2      | Reached XP level 3. HP: 32/36 MP: 2/2
   730 | D:2      | Reached skill level 5 in Unarmed Combat
  1173 | D:3      | Reached XP level 4. HP: 41/44 MP: 3/3
  1399 | D:3      | Found an iron altar of Okawaru.
  1667 | D:4      | Reached XP level 5. HP: 47/53 MP: 4/4
  1786 | D:4      | Found a stormy altar of Qazlal.
  1789 | D:4      | Reached skill level 6 in Unarmed Combat
  1811 | D:4      | Noticed an ogre
  1817 | D:4      | Killed an ogre
  1817 | D:4      | Reached XP level 6. HP: 57/62 MP: 5/5
  1886 | D:4      | Found a shattered altar of Ashenzari.
  1891 | D:4      | Found a snail-covered altar of Cheibriados.
  1891 | D:4      | Found a deep blue altar of Sif Muna.
  1891 | D:4      | Found an opulent altar of Gozag.
  1892 | D:4      | Found a burning altar of Makhleb.
  2022 | D:4      | Found a sparkling altar of Nemelex Xobeh.
  2111 | D:4      | Became a worshipper of Makhleb the Destroyer
  2111 | D:4      | Acquired Makhleb's first power
  2111 | D:4      | Acquired Makhleb's second power
  2122 | D:5      | Entered Level 5 of the Dungeon
  2242 | D:5      | Noticed Sigmund
  2256 | D:4      | Reached skill level 7 in Unarmed Combat
  2335 | D:5      | Killed Sigmund
  2335 | D:5      | Reached XP level 7. HP: 52/71 MP: 6/6
  2370 | D:5      | Reached skill level 5 in Fighting
  2529 | D:5      | Reached skill level 8 in Unarmed Combat
  2620 | D:5      | Found a staircase to the Ecumenical Temple.
  2636 | Temple   | Entered the Ecumenical Temple
  2918 | D:5      | Noticed Pikel
  2921 | D:5      | Reached XP level 8. HP: 20/81 MP: 7/7
  2924 | Temple   | Killed from afar by an orc priest

Vault maps used:
D:1:      minmay_arrival_radiant_lines
D:3:      overflow_temple_1_default
D:4:      grunt_temple_overflow_open, first_bread, nemelex_diamond_rough_becter
D:5:      minmay_temple_entry_overgrown, uniq_sigmund, uniq_pikel
Temple:   dpeg_five_rooms_temple_12

Action                   |  1- 3 |  4- 6 |  7- 9 || total
-------------------------+-------+-------+-------++-------
Melee: Unarmed           |    82 |   117 |    43 ||   242
  Use: Scroll            |       |     8 |     3 ||    11
       Potion            |       |       |     1 ||     1
 Stab: Sleeping          |     2 |     2 |       ||     4
  Eat: Chunk             |    15 |     9 |     6 ||    30
